 Dungeon Crawl Stone Soup version 0.17-a0-986-gf45d1aa (webtiles) character file.

2865 oplop the Covert (level 9, -3/42 HPs)
             Began as a Spriggan Enchanter on May 11, 2015.
             Was an Initiate of Sif Muna.
             Slain by a cyan ugly thing (13 damage)
             ... on level 9 of the Dungeon.
             The game lasted 00:14:16 (6833 turns).

oplop the Covert (Spriggan Enchanter)               Turns: 6833, Time: 00:14:17

Health: -3/42      AC:  5    Str:  4    XL:     9   Next: 47%
Magic:  19/23      EV: 21    Int: 19    God:    Sif Muna [......]
Gold:   272        SH:  0    Dex: 17    Spells: 3 memorised, 18 levels left

rFire  + . .     SeeInvis +     k - +1 dagger (venom)
rCold  + . .     Clarity  .     F - +2 robe {rF+}
rNeg   . . .     SustAb   .     (shield restricted)
rPois  .         Gourm    .     (helmet restricted)
rElec  .         Spirit   .     y - +0 cloak
rCorr  .         Warding  .     (gloves unavailable)
rMut   .         Stasis   .     (boots unavailable)
MR     +....                    (no amulet)
Stlth  ++++++....               (no ring)
                                j - ring of protection from cold

@: very quick, somewhat resistant to hostile enchantments, very stealthy
A: unfitting armour, see invisible, herbivore 3, speed 3, slow metabolism 2
a: Renounce Religion


You were on level 9 of the Dungeon.
You worshipped Sif Muna.
Sif Muna was noncommittal.
You were not hungry.

You visited 2 branches of the dungeon, and saw 10 of its levels.

You collected 537 gold pieces.
You spent 265 gold pieces at shops.

Inventory:

Hand weapons
 a - a +1 dagger
 h - a +1 dagger of pain
 k - a +1 dagger of venom (weapon)
Armour
 y - a +0 cloak (worn)
 F - a +2 robe of fire resistance (worn)
Magical staves
 o - an uncursed staff of poison
 I - an uncursed staff of fire
Jewellery
 j - a ring of protection from cold (left hand)
Magical devices
 f - a wand of teleportation (5)
 w - a wand of paralysis (12)
Scrolls
 b - a scroll of enchant armour {unknown}
 g - 4 scrolls of identify
 i - a scroll of enchant weapon
 l - a scroll of immolation
 m - 2 scrolls of remove curse
 p - a scroll of amnesia
 r - a scroll of teleportation
 s - a scroll of blinking
 D - a scroll of fear {unknown}
 E - a scroll of fog
 G - 2 scrolls of random uselessness {unknown}
Potions
 e - 3 potions of heal wounds
 n - 2 potions of lignification {unknown}
 q - 3 potions of curing {unknown}
 t - 2 potions of might {unknown}
 v - a potion of magic {unknown}
 x - a potion of haste {unknown}
 z - a potion of invisibility {unknown}
 A - 3 potions of poison {unknown}
 C - a potion of brilliance {unknown}
Books
 c - a book of Maledictions

   Spells                             Type                      Level
   a - Corona                         Hexes                        1
   b - Ensorcelled Hibernation        Hexes/Ice                    2
   c - Confuse                        Hexes                        3
   d - Tukima's Dance                 Hexes                        3
   e - Dazzling Spray                 Conjuration/Hexes            3
 u - a book of Alchemy

   Spells                             Type                      Level
   a - Sublimation of Blood           Necromancy                   2
   b - Ignite Poison                  Fire/Transmutation/Poison    3
   c - Alistair's Intoxication        Transmutation/Poison         4
   d - Condensation Shield            Ice                          4
   e - Petrify                        Transmutation/Earth          4
   f - Irradiate                      Conjuration/Transmutation    5
 B - a Young Poisoner's Handbook

   Spells                             Type                      Level
   a - Sting                          Conjuration/Poison           1
   b - Cure Poison                    Poison                       2
   c - Mephitic Cloud                 Conjuration/Poison/Air       3
   d - Olgreb's Toxic Radiance        Poison                       4
   e - Venom Bolt                     Conjuration/Poison           5
Comestibles
 d - 5 bread rations
 H - a fruit


   Skills:
 + Level 1.9 Fighting
 - Level 1.3 Short Blades
 + Level 5.4 Dodging
 - Level 11.2 Stealth
 + Level 9.2 Spellcasting
 + Level 9.5 Hexes


You had 18 spell levels left.
You knew the following spells:

 Your Spells              Type           Power        Failure   Level  Hunger
b - Ensorcelled Hibernat  Hex/Ice        ####..       1%          2    None
c - Confuse               Hex            #####...     1%          3    None
d - Tukima's Dance        Hex            #####...     1%          3    None


Dungeon Overview and Level Annotations

Branches:
Dungeon (9/15)             Temple (1/1) D:7
   Lair: D:8-11         Orc: D:9-12

Altars:
Ashenzari
Cheibriados
Dithmenos
Elyvilon
Fedhas
Gozag
Kikubaaqudgha
Makhleb
Nemelex Xobeh
Okawaru
Qazlal
Ru
Sif Muna
Trog
Vehumet
Xom
Yredelemnul
Zin
The Shining One

Shops:
D:8 [

Annotations:
D:6 exclusion: giant spore


Innate Abilities, Weirdness & Mutations

You are tiny and cannot use many weapons and most armour.
You have supernaturally acute eyesight.
You are a herbivore.
You cover ground extremely quickly.
You need consume almost no food.


Message History

The cyan ugly thing is moderately wounded.
You catch the helpless cyan ugly thing completely off-guard!
You impale the cyan ugly thing!!
The cyan ugly thing is severely wounded.
You barely miss the cyan ugly thing.
The cyan ugly thing is severely wounded.
You hit the cyan ugly thing but do no damage.
The cyan ugly thing is severely wounded.
You hit the cyan ugly thing but do no damage.
The cyan ugly thing is severely wounded.
The cyan ugly thing misses you.
You hit the cyan ugly thing.
The cyan ugly thing is almost dead.
The cyan ugly thing bites you. The cyan ugly thing shocks you!
You hit the cyan ugly thing but do no damage.
The cyan ugly thing is almost dead.
The cyan ugly thing bites you!
* * * LOW HITPOINT WARNING * * *
The cyan ugly thing shocks you!
You die...

'......#######+#.....# #
#....................# #
#.......######.......####### ###
........#....#####.......... ...
........#........#......#### #.
..(.....#........#......# ##
.#####..#........#......# ...
.#...'..#.......u'......# ....
.#...#..#.....†.@#......# ....
##...#(.########'#......# ....
.....#..................# ....
.....#..................# ....
.....#..................# ....
...#'#..................#########
...#.................)..........#
...#.............................
####.........(............####...


You could see a cyan ugly thing (confused).

Vanquished Creatures
  A hungry ghost (D:9)
  Purgy (D:3)
  2 ice beasts
  A slave (D:7)
  2 phantoms
  2 sky beasts (D:8)
  A centaur (D:9)
  An ogre (D:6)
  7 giant frogs
  2 scorpions
  A giant frog zombie (D:5)
  4 crimson imps
  A jelly (D:6)
  Crazy Yiuf (D:4)
  2 giant frog skeletons
  An orc priest (D:4)
  3 hounds
  6 iguanas
  9 worker ants
  A hound zombie (D:5)
  A worker ant zombie (D:9)
  6 adders
  5 gnolls
  A shadow imp (D:5)
  An adder zombie (D:5)
  3 giant geckos
  19 orcs
  8 bats
  4 giant cockroaches
  8 goblins
  9 hobgoblins
  5 jackals (D:8)
  11 kobolds
  A ball python (D:3)
  3 giant newts
  A giant spore (D:7)
  2 quokka zombies
  13 rats
  A spectral orc (D:9)
151 creatures vanquished.

Vanquished Creatures (collateral kills)
  Pikel (D:7)
  An orc warrior (D:6)
  2 ogres (D:7)
  A hound (D:7)
  2 orc wizards (D:4)
  A gnoll (D:8)
  An orc (D:4)
  A kobold (D:9)
10 creatures vanquished.

Vanquished Creatures (others)
  A bat skeleton (D:7)
1 creature vanquished.

Grand Total: 162 creatures vanquished

Notes
Turn   | Place    | Note
--------------------------------------------------------------
     0 | D:1      | oplop the Spriggan Enchanter began the quest for the Orb.
     0 | D:1      | Reached XP level 1. HP: 9/9 MP: 5/5
   299 | D:1      | Reached XP level 2. HP: 13/13 MP: 7/7
   775 | D:2      | You fall through a shaft!
   883 | D:2      | Learned a level 2 spell: Ensorcelled Hibernation
  1031 | D:2      | Reached XP level 3. HP: 6/16 MP: 6/9
  1271 | D:2      | Reached skill level 5 in Stealth
  1424 | D:3      | Learned a level 3 spell: Confuse
  1428 | D:3      | Learned a level 3 spell: Tukima's Dance
  1502 | D:3      | Reached XP level 4. HP: 15/21 MP: 11/11
  1822 | D:3      | Noticed Purgy
  1834 | D:3      | Killed Purgy
  1834 | D:3      | Reached skill level 6 in Stealth
  1834 | D:3      | Reached skill level 5 in Hexes
  1834 | D:3      | Reached XP level 5. HP: 14/24 MP: 9/13
  2012 | D:3      | Found a sparkling altar of Nemelex Xobeh.
  2200 | D:4      | Reached skill level 5 in Spellcasting
  2215 | D:4      | Reached XP level 6. HP: 26/28 MP: 5/14
  2287 | D:4      | Noticed a phantom
  2417 | D:4      | Found a shattered altar of Ashenzari.
  2436 | D:4      | Reached skill level 7 in Stealth
  2564 | D:4      | Killed a phantom
  2564 | D:4      | Reached XP level 7. HP: 25/32 MP: 13/16
  2587 | D:4      | Reached skill level 8 in Stealth
  2758 | D:4      | Noticed Crazy Yiuf
  2764 | D:4      | Killed Crazy Yiuf
  2997 | D:5      | Entered Level 5 of the Dungeon
  3364 | D:5      | Reached skill level 9 in Stealth
  3615 | D:5      | Reached XP level 8. HP: 24/36 MP: 19/19
  4148 | D:6      | Reached skill level 10 in Stealth
  4749 | D:7      | Noticed Pikel
  4778 | D:7      | Killed Pikel
  4887 | D:7      | Reached skill level 11 in Stealth
  5005 | D:7      | Found a staircase to the Ecumenical Temple.
  5049 | D:7      | Reached XP level 9. HP: 34/39 MP: 22/22
  5110 | Temple   | Entered the Ecumenical Temple
  5176 | Temple   | Became a worshipper of Sif Muna the Loreminder
  5880 | D:8      | Found Loimi's Armour Emporium.
  5916 | D:8      | Bought a +2 robe of fire resistance for 265 gold pieces
  6088 | D:8      | Reached skill level 1 in Fighting
  6600 | D:9      | Found a basalt altar of Yredelemnul.
  6653 | D:9      | Reached skill level 5 in Dodging
  6798 | D:9      | Noticed a cyan ugly thing
  6833 | D:9      | Slain by a cyan ugly thing

Vault maps used:
D:1:      minmay_arrival_arboretum_small
D:2:      minmay_misc_feat_more_columns, eino_tiny_chamber
D:3:      nemelex_xobeh_ov_fountains_minmay, first_bread, uniq_purgy
D:4:      nicolae_overflow_crystal_walls, uniq_crazy_yiuf_cottage
D:5:      hangedman_abyss_or_decor_stagger, lightli_corner_chamber
D:7:      minmay_temple_entry_statues, uniq_pikel
D:8:      serial_shops, kennysheep_mini
D:9:      yredelemnul_forgotten_temple_becter
Temple:   nicolae_temple_x_marks_the_god_16

Action                   |  1- 3 |  4- 6 |  7- 9 || total
-------------------------+-------+-------+-------++-------
Melee: Dagger            |    75 |   110 |   284 ||   469
 Cast: Ensorcelled Hiber |     3 |     8 |     7 ||    18
       Confuse           |       |    10 |    33 ||    43
       Tukima's Dance    |       |     1 |     6 ||     7
  Use: Scroll            |       |       |     9 ||     9
 Stab: Sleeping          |    11 |     9 |    39 ||    59
       Confused          |       |     5 |    22 ||    27
       Distracted        |       |       |     1 ||     1
  Eat: Pizza             |       |       |     1 ||     1
       Bread ration      |       |       |     1 ||     1
